 Dungeon Crawl Stone Soup version 0.22-a0-433-gd2a9cce (webtiles) character file.

56368 Gorglomux the Warrior (level 14, -9/135 HPs)
             Began as a Minotaur Abyssal Knight on May 27, 2018.
             Was an Elder of Okawaru.
             Killed from afar by a raiju (13 damage)
             ... with a living lightning
             ... on level 2 of the Abyss.
             The game lasted 00:29:33 (23799 turns).

Gorglomux the Warrior (Minotaur Abyssal Knight)    Turns: 23799, Time: 00:29:34

Health: -9/135     AC: 29    Str: 21 (22) XL:     14   Next: 41%
Magic:  31/31      EV: 10    Int: 14      God:    Okawaru [****..]
Gold:   108        SH:  6    Dex: 10      Spells: 13/13 levels left

rFire    + . .     SeeInvis +   a - +3 broad axe "Impslayer" {speed, rPois rF+ SInv}
rCold    . . .     Gourm    .   I - +0 buckler
rNeg     . . .     Faith    .   V - +0 plate armour
rPois    +         Spirit   .   r - +3 hat of Pondering {ponderous, MR+ MP+10 Int+5}
rElec    .         Reflect  .   n - +2 cloak
rCorr    .         Harm     .   q - +2 pair of gloves
MR       +++..                  (no boots)
Stlth    ..........             u - amulet of the acrobat
HPRegen  0.32/turn              m - ring of protection from magic
MPRegen  0.22/turn              o - ring of poison resistance

@: heroism, drained, slow
A: retaliatory headbutt, horns 2, [deterioration 1], [no potion heal 1],
[subdued magic 1], sturdy frame 1
a: Heroism, Renounce Religion


You were on level 2 of the Abyss.
You worshipped Okawaru.
Okawaru was greatly pleased with you.
You were not hungry.

You visited 2 branches of the dungeon, and saw 18 of its levels.
You visited the Abyss 4 times.
You also visited: Ossuary.

You collected 1201 gold pieces.
You spent 1093 gold pieces at shops.

Inventory:

Hand Weapons
 a - the +3 broad axe "Impslayer" (weapon) {speed, rPois rF+ SInv}
   (You bought it in a shop on level 10 of the Dungeon)

   Attacks with this weapon are significantly faster.
   It protects you from fire.
   It protects you from poison.
   It lets you see invisible.
 b - a +0 hand axe of flaming
 x - a +1 war axe
Missiles
 Z - 4 throwing nets (quivered)
Armour
 n - a +2 cloak (worn)
 q - a +2 pair of gloves (worn)
 r - the +3 hat of Pondering (worn) {ponderous, MR+ MP+10 Int+5}
   (You took it off Gastronok on level 2 of the Lair of Beasts)

   It affects your intelligence (+5).
   It affects your resistance to hostile enchantments.
   It affects your magic capacity (+10).
 I - a +0 buckler (worn)
 V - a +0 plate armour (worn)
Jewellery
 k - a +5 ring of slaying {unknown}
 l - an uncursed ring of protection from fire {unknown}
 m - a ring of protection from magic (left hand)
 o - a ring of poison resistance (right hand)
 u - an amulet of the acrobat (around neck)
 H - an uncursed amulet of harm {unknown}
Wands
 A - a wand of acid (8)
 D - a wand of digging (9)
 O - a wand of clouds (4)
 P - a wand of paralysis (38)
Scrolls
 s - a scroll of enchant armour
 v - a scroll of holy word
 y - 2 scrolls of immolation
 z - a scroll of summoning
 B - a scroll of blinking
 E - a scroll of fear
 J - 2 scrolls of fog
 K - 9 scrolls of remove curse
 M - 7 scrolls of magic mapping
 R - a scroll of identify
 S - a scroll of enchant weapon
 T - 3 scrolls of teleportation
Potions
 p - a potion of brilliance {unknown}
 t - 2 potions of mutation
 w - a potion of invisibility
 C - 3 potions of might
 F - 4 potions of resistance
 G - 4 potions of flight
 L - 3 potions of lignification
 Q - 4 potions of curing
 U - a potion of heal wounds
 W - 4 potions of haste
 Y - 5 potions of agility
Miscellaneous
 X - a phial of floods
Comestibles
 c - 35 rations


   Skills:
 + Level 15.0(19.6) Fighting
 + Level 14.7(19.3) Axes
 + Level 14.8(19.4) Armour
 - Level 1.1(5.8) Dodging
 - Level 4.0(8.7) Shields
 - Level 11.4(11.1) Invocations
 + Level 5.4(5.1) Evocations


You had 13 spell levels left.
You didn't know any spells.
Your spell library contained the following spells:

 Spells                   Type           Power        Failure   Level  Hunger
 Apportation              Tloc           #.....       77%         1    ##.....
 Summon Small Mammal      Summ           #...         77%         1    ##.....
 Animate Dead             Necr           N/A          100%        4    #####..
 Pain                     Necr           #...         77%         1    ##.....
 Animate Skeleton         Necr           N/A          77%         1    ##.....
 Iron Shot                Conj/Erth      #.........   100%        6    #######
 Stone Arrow              Conj/Erth      #.....       98%         3    ####...
 Spider Form              Tmut/Pois      #.........   98%         3    ####...
 Blade Hands              Tmut           #.........   100%        5    ######.
 Ice Form                 Ice/Tmut       #.......     100%        4    #####..
 Confusing Touch          Hex            #.....       77%         1    ##.....
 Sticks to Snakes         Tmut           #.......     88%         2    ###....
 Silence                  Hex/Air        #.........   100%        5    ######.
 Static Discharge         Conj/Air       #.......     98%         3    ####...
 Beastly Appendage        Tmut           #.....       77%         1    ##.....


Dungeon Overview and Level Annotations

Branches:
Dungeon (13/15)            Temple (0/1) D:7            Lair (5/6) D:8
 Shoals (0/4) Lair:3       Spider (0/4) Lair:2          Orc (0/2) D:12
  Slime: Lair:5-6    Vaults: D:13-14

Altars:
Fedhas
Okawaru
Beogh

Shops:
D:6 %%%   D:9 }%(:   D:10 (%[=   D:11 *

Annotations:
Lair:1 exclusion: oklob plant


Innate Abilities, Weirdness & Mutations

You reflexively headbutt those who attack you in melee.
You have a pair of horns on your head.
Your movements are slightly less encumbered by armour. (ER -2)
[Your body sometimes deteriorates upon taking damage.]
[Potions are less effective at restoring your health.]
[Your spells are a little easier to cast, but a little less powerful.]


Message History

You cut the butt into ribbons!!!!!!
You annihilate the raiju!!!
Okawaru roars: ANNIHILATED!
You slice the butt like a ripe choko!
You slice the small abomination like a ripe choko!
The raiju bites you but does no damage!
Unknown command!
You closely miss the butt abomination!
The small abomination is lightly damaged!
You slice the butt like a ripe butt!!!!!!
The butt abomination hits you but does no damage!
Unknown command!
You barely miss the small abomination!
The small butt is lightly damaged!
You cut the raiju but do no damage!
The raiju bursts into living lightning!!!
The living lightning hits butt!!! * * * don't die
* * * The living lightning hits you!!! rip

#. ## ..
..# ..
#.# .##.
#.... .
..# . .
##.## #
# #†@h#
. #.# #
###x#.
## . . .
. #
.#.## ..
# . #.
.. .. #
#. .
#... .
#.#..#
... . .
.#..
......
#..###..
.... #.
... .#.
.. . . .
#


You could see a raiju and a small abomination.

Vanquished Creatures
  2 tentacled starspawn
  Gastronok (Lair:2)
  Kirke (Lair:5)
  Nessos (Lair:4)
  A lorocyproca (Abyss:2)
  An eidolon (Abyss:2)
  Josephine (Lair:4)
  4 hydras
  Harold (D:10)
  5 death yaks (Lair:4)
  2 two-headed ogres
  2 thrashing horrors (Abyss:2)
  Urug (Lair:5)
  3 wretched stars
  A sun demon (Abyss:4)
  A spatial maelstrom (Abyss:4)
  An unseen horror (D:12)
  9 starcursed masses
  A lindwurm (Lair:2)
  2 deep elf magi
  A manticore (Lair:3)
  A cyclops (D:10)
  3 black mambas
  2 smoke demons
  8 elephants (Lair:5)
  4 spiny frogs
  A rime drake (Lair:2)
  5 komodo dragons
  An ancient zyme (Lair:4)
  2 trolls
  A queen bee (D:9)
  A polar bear (Lair:5)
  4 slime creatures
  A raiju (Abyss:2)
  12 blink frogs
  5 dream sheep (Lair:5)
  4 hippogriffs
  A redback (Lair:2)
  7 small abominations
  Sigmund (D:2)
  2 wyverns
  34 yaks
  4 hogs
  5 wraiths (Lair:4)
  A basilisk (Lair:4)
  A human (D:11)
  The ghost of Curus the Changer, an amateur MfTm (D:3)
  2 large abominations
  2 steam dragons
  3 hungry ghosts
  8 water moccasins
  6 porcupines
  5 ice beasts
  3 sky beasts
  8 orc warriors
  2 black bears
  A necrophage (D:7)
  3 phantoms
  8 wolves (Lair:3)
  7 ogres
  5 centaurs
  8 crocodiles
  3 big kobolds
  11 bullfrogs
  3 water moccasin zombies (Ossuary)
  A scorpion (D:10)
  36 killer bees
  5 wights (D:10)
  An electric eel (Lair:5)
  4 crimson imps
  A bullfrog zombie (D:7)
  2 centaur zombies
  2 quasits
  6 orc priests
  4 jellies
  9 orc wizards
  2 bullfrog skeletons
  4 centaur skeletons
  Terence (D:3)
  4 iguanas
  14 worker ants
  2 big kobold zombies (Ossuary)
  A hound zombie (D:9)
  2 worker ant zombies
  3 mummies
  A gnoll (D:1)
  17 adders
  3 shadow imps
  An ufetubus (Abyss:4)
  5 adder skeletons
  4 adder zombies
  5 worms
  A dart slug (D:1)
  7 leopard geckos
  57 orcs
  8 giant cockroaches
  3 gnoll zombies (Ossuary)
  3 hobgoblins
  27 jackals
  8 quokkas
  2 ball pythons (D:6)
  6 bats
  A frilled lizard (D:5)
  7 goblins
  7 hobgoblin zombies (Ossuary)
  10 kobolds
  4 kobold zombies (Ossuary)
  A leopard gecko skeleton (D:5)
  A leopard gecko zombie (D:5)
  3 orc zombies (Ossuary)
  12 rats
  A butterfly (Lair:5)
  4 fungi
  A plant (Lair:1)
  3 starspawn tentacles
559 creatures vanquished.

Vanquished Creatures (collateral kills)
  A death yak (Lair:4)
1 creature vanquished.

Vanquished Creatures (others)
  A hydra (D:12)
  An unseen horror (D:11)
  3 wizards (D:11)
  2 ugly things
  A deep elf mage (D:13)
  A hog (Lair:5)
  An orc warrior (D:9)
  3 killer bees
  8 fungi
  5 plants
  14 starspawn tentacles
40 creatures vanquished.

Grand Total: 600 creatures vanquished

Notes
Turn   | Place    | Note
-------+----------+-------------------------------------------
     0 | Abyss:1  | Gorglomux the Minotaur Abyssal Knight began the quest for the Orb.
     0 | Abyss:1  | Reached XP level 1. HP: 19/19 MP: 1/1
    14 | D:1      | Escaped the Abyss
    29 | D:1      | Reached XP level 2. HP: 20/27 MP: 2/2
   154 | D:1      | Reached skill level 4 in Fighting
   334 | D:1      | Reached skill level 3 in Axes
   339 | D:1      | Reached skill level 3 in Armour
   397 | D:1      | Reached XP level 3. HP: 31/33 MP: 3/3
   466 | D:2      | Noticed Sigmund
   476 | D:1      | Reached ** piety under Lugonu
  1241 | D:2      | Reached XP level 4. HP: 37/41 MP: 4/4
  1306 | D:2      | Killed Sigmund
  1306 | D:2      | Reached skill level 5 in Fighting
  1306 | D:2      | Reached skill level 3 in Invocations
  1306 | D:2      | Reached XP level 5. HP: 18/48 MP: 4/6
  1906 | D:3      | Noticed Curus's ghost (amateur MfTm)
  1950 | D:3      | Found an iron altar of Okawaru.
  1985 | D:3      | Noticed Terence
  1996 | D:3      | Killed Terence
  1996 | D:3      | Reached XP level 6. HP: 31/56 MP: 7/7
  2700 | D:3      | Killed Curus's ghost
  2972 | D:4      | Found a sand-covered staircase.
  2978 | Ossuary  | Entered an ossuary
  3002 | Ossuary  | Reached XP level 7. HP: 31/62 MP: 7/9
  3130 | Ossuary  | Reached *** piety under Lugonu
  3290 | Ossuary  | Reached skill level 6 in Fighting
  4147 | D:5      | Entered Level 5 of the Dungeon
  4232 | D:5      | Reached **** piety under Lugonu
  4232 | D:5      | Reached skill level 1 in Shields
  4252 | D:5      | Reached skill level 6 in Axes
  4252 | D:5      | Reached XP level 8. HP: 61/71 MP: 10/10
  4264 | D:5      | Reached skill level 6 in Armour
  4687 | D:5      | Reached skill level 7 in Fighting
  5366 | D:6      | Reached skill level 3 in Shields
  5609 | D:6      | Found Ozuuwyf's Food Shoppe.
  5800 | D:6      | Found Utigh's Food Boutique.
  5811 | D:6      | Found Betsasox's Food Shoppe.
  5995 | D:6      | Reached XP level 9. HP: 79/80 MP: 12/12
  6460 | D:7      | Reached skill level 6 in Invocations
  6654 | D:7      | Reached skill level 8 in Fighting
  6931 | D:7      | Found a staircase to the Ecumenical Temple.
  7617 | D:8      | Found a staircase to the Lair.
  7835 | D:8      | Reached ***** piety under Lugonu
  8385 | D:9      | Found Paloozok's Antique Weapon Shop.
  8415 | D:9      | Reached skill level 9 in Fighting
  8625 | D:9      | Reached XP level 10. HP: 73/91 MP: 14/14
  8730 | D:9      | Noticed a two-headed ogre
  8733 | D:9      | Noticed a deep elf mage
  8810 | Abyss:1  | Noticed a worldbinder
  8819 | Abyss:1  | Noticed a mana viper
  8820 | Abyss:1  | Noticed a black mamba
  8820 | D:9      | Escaped the Abyss
  9135 | D:8      | Killed a two-headed ogre
  9135 | D:8      | Reached skill level 9 in Axes
  9135 | D:8      | Reached skill level 9 in Armour
  9206 | D:9      | Noticed an orange demon
  9400 | D:9      | Killed a deep elf mage
  9437 | D:9      | Found Koluosuq's Gadget Boutique.
  9444 | D:9      | Bought a wand of acid (7) for 242 gold pieces
  9444 | D:9      | Bought a wand of paralysis (17) for 209 gold pieces
  9940 | D:9      | Reached skill level 10 in Fighting
 10038 | D:9      | Found Ypruxicerua's Book Boutique.
 10178 | D:9      | Found Zenod's Food Boutique.
 10236 | D:10     | Entered Level 10 of the Dungeon
 10237 | D:10     | Found Xeucock's Weapon Shoppe.
 10366 | D:10     | Found a blossoming altar of Fedhas.
 10489 | D:10     | Found Luylacs's Food Shop.
 10492 | D:10     | Found Qaussilo's Armour Shop.
 10493 | D:10     | Noticed Harold
 10517 | D:10     | Killed Harold
 10809 | D:10     | Found Etwyer Peba's Jewellery Boutique.
 10952 | D:10     | Reached XP level 11. HP: 58/101 MP: 16/16
 12244 | D:11     | Reached skill level 11 in Fighting
 12279 | D:11     | Reached skill level 9 in Invocations
 12330 | D:11     | Noticed a wizard
 12331 | D:11     | Noticed a wizard
 12334 | D:11     | Banished a wizard
 12335 | D:11     | Banished a wizard
 12339 | D:11     | Noticed a wizard
 12341 | D:11     | Banished a wizard
 12556 | D:11     | Identified Ciummetaef's Almanac of Axaxaxas mlö
 12563 | D:11     | Identified the Volume of Plaster Cramp
 12570 | D:11     | Noticed a deep elf mage
 12572 | D:11     | Killed a deep elf mage
 12581 | D:11     | Identified Orphof's Catalogue of Dhcmrlchtdj
 12659 | D:11     | Found Datz's General Store.
 12856 | D:11     | Noticed a two-headed ogre
 12867 | D:11     | Killed a two-headed ogre
 12962 | D:11     | Banished an unseen horror
 13249 | D:11     | Noticed a white ugly thing
 13256 | D:11     | Banished a white ugly thing
 13758 | D:12     | Noticed a red ugly thing
 14103 | D:12     | Banished a red ugly thing
 14116 | D:12     | Reached XP level 12. HP: 83/112 MP: 14/18
 14223 | D:12     | Reached skill level 12 in Fighting
 14333 | D:12     | Noticed a seven-headed hydra
 14349 | D:12     | Banished an eight-headed hydra
 14810 | D:12     | Noticed a seven-headed hydra
 14823 | D:12     | Killed a one-headed hydra
 14823 | D:12     | Reached skill level 12 in Armour
 14962 | D:12     | Reached skill level 12 in Axes
 14981 | D:12     | Found a roughly hewn altar of Beogh.
 14981 | D:12     | Found a staircase to the Orcish Mines.
 16334 | Lair:1   | Entered Level 1 of the Lair of Beasts
 16468 | Lair:1   | Noticed a seven-headed hydra
 16483 | Lair:1   | Killed a three-headed hydra
 17208 | Lair:1   | Reached skill level 13 in Fighting
 17779 | Lair:2   | Noticed Gastronok
 18074 | Lair:2   | Found a hole to the Spider Nest.
 18140 | Lair:2   | Killed Gastronok
 18140 | Lair:2   | Reached XP level 13. HP: 118/122 MP: 20/20
 18233 | Lair:2   | Found a dark tunnel.
 18628 | Lair:3   | Found a staircase to the Shoals.
 19576 | Lair:4   | Noticed Nessos
 19598 | Lair:4   | Killed Nessos
 19791 | D:10     | Bought the +3 broad axe "Impslayer" {speed, rPois rF+ SInv} for 642 gold pieces
 19933 | D:3      | Fell from the grace of Lugonu
 19933 | D:3      | Became a worshipper of Warmaster Okawaru
 20149 | Lair:4   | Noticed a starcursed mass
 20391 | Lair:4   | Noticed Josephine
 20404 | Lair:4   | Killed Josephine
 20404 | Lair:4   | Reached skill level 1 in Evocations
 20481 | Lair:4   | Noticed a tentacled starspawn
 20489 | Lair:4   | Killed a tentacled starspawn
 20567 | Lair:4   | Reached * piety under Okawaru
 20620 | Lair:4   | Gained mutation: Your movements are slightly less encumbered by armour. (ER -2) [mutagenic glow]
 20903 | Lair:4   | Reached ** piety under Okawaru
 20903 | Lair:4   | Reached skill level 14 in Fighting
 21128 | Lair:5   | Reached skill level 3 in Evocations
 21173 | Lair:5   | Reached *** piety under Okawaru
 21584 | Lair:5   | Noticed a starcursed mass
 21700 | Lair:5   | Noticed Urug
 21721 | Lair:5   | Killed Urug
 21721 | Lair:5   | Reached XP level 14. HP: 53/133 MP: 21/21
 21754 | Lair:5   | Cast into level 3 of the Abyss (Lugonu's touch)
 21761 | Abyss:3  | Noticed a tentacled starspawn
 21780 | Abyss:3  | Killed a tentacled starspawn
 21780 | Abyss:3  | Reached **** piety under Okawaru
 21842 | Abyss:4  | Found a corrupted altar of Lugonu.
 22041 | Abyss:4  | Noticed a tentacled starspawn
 22064 | Abyss:4  | Noticed a starcursed mass
 22068 | Abyss:4  | Received a gift from Okawaru
 22081 | Lair:5   | Escaped the Abyss
 22496 | Lair:5   | Noticed Kirke
 22941 | Lair:5   | Killed Kirke
 23068 | Lair:5   | Noticed a starcursed mass
 23677 | Lair:5   | Cast into level 2 of the Abyss (Lugonu's touch)
 23733 | Abyss:2  | Reached skill level 15 in Fighting
 23799 | Abyss:2  | HP: 4/135 [raiju/living lightning (16)]
 23799 | Abyss:2  | Killed from afar by a raiju

Vault maps used:
D:1:      scummos_arrival_forest
D:2:      uniq_sigmund
D:3:      cheibrodos_helix_gallery, lemuel_crystal_altar, uniq_terence
D:4:      gup_ossuary_entry_pyramid
D:5:      first_ration
D:6:      portal_sewer_entry_e, serial_shops, shop, shop_fountains, shop
D:7:      minmay_temple_entry_statues_pillars
D:8:      lair_entry_dummy
D:9:      minmay_curly_fans, serial_shops, nicolae_shop_crystal, shop_statue,
          shop, shop
D:10:     serial_shops, nicolae_shop_trees, shop, shop, nicolae_shop_crystal,
          special_room, basic_altar, uniq_harold
D:11:     serial_shops, shop, grunt_livestock, minmay_misc_feat_square,
          bh_hangedman_babel_library
D:12:     david_orc_5
D:13:     hangedman_vaults_entry_quadrant_bands, hangedman_decor_slide_cut
Lair:1:   grunt_megastairs_5, minmay_lair_oklob_chamber
Lair:2:   spider_nest_entry_rubble, nicolae_volcano_entry_vermiform,
          grunt_megastairs_2, uniq_gastronok
Lair:3:   minmay_shoals_entry_beasts, columned_hall_lemuel,
          infiniplex_staircase_pool_2
Lair:4:   uniq_josephine, uniq_nessos
Lair:5:   beast_lair_carwin_5, infiniplex_staircase_pool, lemuel_fruit_fields,
          grunt_megastairs_1, uniq_urug, uniq_kirke
Abyss:1:  due_exit_kobolds
Abyss:3:  minivault_25, grunt_abyss_rune_forest_and_sorcery,
          evilmike_abyss_exit_13, bh_abyss_xom_lugonu_altar,
          evilmike_abyss_exit_chaos
Abyss:4:  abyss_exit_lava, nicolae_abyss_rune_star_stuff
Ossuary:  ossuary_tomb_2

Skill      XL: |  1  2  3  4  5  6  7  8  9 10 11 12 13 14 |
---------------+-------------------------------------------+-----
Invocations    | 2 3 4 5 7 8 9 11 | 11.4
Fighting       | 4 5 6 7 9 10 11 13 14 15 | 15.0
Axes           | 3 4 5 6 7 8 10 11 13 14 | 14.7
Armour         | 3 4 5 7 8 10 11 13 14 | 14.8
Shields        | 1 3 4 |  4.0
Evocations     | 4 5 |  5.4
Dodging        | |  1.1

Action                   |  1- 3 |  4- 6 |  7- 9 | 10-12 | 13-15 || total
-------------------------+-------+-------+-------+-------+-------++-------
Melee: Hand axe          |    76 |    11 |       |    22 |    23 ||   132
       Headbutt          |     6 |    12 |    78 |   153 |   112 ||   361
       War axe           |       |    82 |   516 |   788 |    94 ||  1480
       Broad axe         |       |       |       |       |   417 ||   417
       Unarmed           |       |       |       |       |    10 ||    10
Invok: Banish            |       |       |     2 |    12 |       ||    14
       Depart the Abyss  |       |       |       |     1 |       ||     1
       Enter the Abyss   |       |       |       |     1 |       ||     1
       Bend Space        |       |       |       |     2 |       ||     2
       Heroism           |       |       |       |       |    12 ||    12
Evoke: Wand              |       |       |       |     6 |     7 ||    13
       Phial of floods   |       |       |       |     1 |     1 ||     2
  Use: Scroll            |     4 |       |     3 |       |    23 ||    30
       Potion            |     1 |     1 |     1 |     2 |     3 ||     8
 Stab: Paralysed         |       |       |       |       |     5 ||     5
  Eat: Chunk             |     1 |     5 |    13 |    27 |     9 ||    55
       Ration            |       |       |     2 |     7 |     3 ||    12
Armor: Leather armour    |    25 |    22 |    30 |       |       ||    77
       Chain mail        |       |       |   277 |   461 |       ||   738
       Skin              |       |       |    53 |   110 |       ||   163
       Plate armour      |       |       |       |   121 |   310 ||   431
Dodge: Dodged            |    89 |    56 |   203 |   430 |   200 ||   978
Block: Buckler           |       |       |    92 |   221 |    99 ||   412

Table legend:
 A = Spawn XP
 B = Non-spawn XP
 C = Spawn XP percentage of total XP
 D = Spawn monster count
 E = Non-spawn monster count
 F = Spawn count percentage of total count
 G = Total turns spent on level
                    A         B        C        D         E        F      G
               +---------+---------+-------+---------+---------+-------+---------
         Total |   11138 |   69388 |  13.8 |      19 |     525 |   3.5 | 23799
               +---------+---------+-------+---------+---------+-------+---------
           D:1 |       0 |      63 |   0.0 |       0 |      22 |   0.0 |  1126
           D:2 |       0 |     266 |   0.0 |       0 |      22 |   0.0 |   754
           D:3 |       0 |     338 |   0.0 |       0 |      23 |   0.0 |  1084
           D:4 |       0 |     215 |   0.0 |       0 |      10 |   0.0 |   863
           D:5 |       0 |     766 |   0.0 |       0 |      36 |   0.0 |  1122
           D:6 |       0 |     810 |   0.0 |       0 |      25 |   0.0 |   880
           D:7 |       0 |    1404 |   0.0 |       0 |      34 |   0.0 |  1604
           D:8 |       0 |    1488 |   0.0 |       0 |      17 |   0.0 |  1332
           D:9 |       0 |    3955 |   0.0 |       0 |      44 |   0.0 |  2182
          D:10 |       0 |    3834 |   0.0 |       0 |      38 |   0.0 |  1414
          D:11 |       0 |    6996 |   0.0 |       0 |      37 |   0.0 |  1932
          D:12 |       0 |    6950 |   0.0 |       0 |      63 |   0.0 |  1749
          D:13 |       0 |     972 |   0.0 |       0 |       5 |   0.0 |   125
        Lair:1 |       0 |    5112 |   0.0 |       0 |      21 |   0.0 |  1376
        Lair:2 |       0 |    6100 |   0.0 |       0 |      17 |   0.0 |   856
        Lair:3 |       0 |    3199 |   0.0 |       0 |      16 |   0.0 |  1191
        Lair:4 |       0 |   10378 |   0.0 |       0 |      20 |   0.0 |  1315
        Lair:5 |       0 |   16192 |   0.0 |       0 |      48 |   0.0 |  1984
       Abyss:2 |    4426 |       0 | 100.0 |       6 |       0 | 100.0 |   122
       Abyss:3 |    2689 |       0 | 100.0 |       3 |       0 | 100.0 |    88
       Abyss:4 |    4023 |       0 | 100.0 |      10 |       0 | 100.0 |   239
       Ossuary |       0 |     350 |   0.0 |       0 |      27 |   0.0 |   378
               +---------+---------+-------+---------+---------+-------+---------
